 Dungeon Crawl Stone Soup version 0.23.0 (webtiles) character file.

Game seed: 5488836243954631684

13467 D1HalberdGnoll the Schismatic (level 11, -2/133 HPs)
             Began as a Demonspawn Abyssal Knight on Feb 11, 2019.
             Was an Elder of Lugonu.
             Slain by a minotaur
             ... wielding the cursed +1 broad axe "Uczicw" {protect, +Rage}
              (28 damage)
             ... in a Gauntlet.
             The game lasted 00:27:25 (16476 turns).

D1HalberdGnoll the Schismatic (DsAK)               Turns: 16476, Time: 00:27:26

Health: -2/133     AC: 13    Str: 20    XL:     11   Next: 76%
Magic:  0/19       EV: 12    Int: 13    God:    Lugonu [****..]
Gold:   355        SH:  6    Dex: 19    Spells: 10/10 levels left

rFire    + . .     SeeInvis +   I - +3 falchion (venom)
rCold    + . .     Gourm    +   r - +0 buckler
rNeg     . . .     Faith    .   A - +1 plate armour
rPois    .         Spirit   +   (helmet restricted)
rElec    .         Reflect  .   K - scarf {rC+ rF+}
rCorr    .         Harm     .   (no gloves)
MR       .....     NoTele   +   q - +1 pair of boots {Stlth+}
Stlth    ..........             L - amulet of the gourmand
HPRegen  0.32/turn              t - ring "Vasahiuwu" {+Inv AC+2}
MPRegen  0.32/turn              (no ring)

@: agile, berserking (expiring), studying Maces & Flails, very quick
A: horns 2, see invisible, deformed body, powered by death 2, magic shield,
magic regeneration
a: Depart the Abyss, Bend Space, Banish, Corrupt, Renounce Religion, Evoke
Invisibility


You were in a Gauntlet.
You worshipped Lugonu.
Lugonu was greatly pleased with you.
You were not hungry.

You visited 2 branches of the dungeon, and saw 12 of its levels.
You visited the Abyss 1 time.
You also visited: Gauntlet.

You collected 667 gold pieces.
You spent 312 gold pieces at shops.

Inventory:

Hand Weapons
 i - a +3 dagger of venom
 I - a +3 falchion of venom (weapon)
Missiles
 b - a throwing net (quivered)
Armour
 q - a +1 pair of boots of stealth (worn)
 r - a +0 buckler (worn)
 A - a +1 plate armour (worn)
 K - a scarf of resistance (worn)
Jewellery
 p - an uncursed ring of positive energy
 t - the ring "Vasahiuwu" (left hand) {+Inv AC+2}
   (You found it in a Gauntlet)

   [ring of protection]

   It affects your AC (+2).
   It lets you turn invisible.
 L - an amulet of the gourmand (around neck)
Wands
 d - a wand of iceblast (13)
 e - a wand of disintegration (13)
 n - a wand of polymorph (6)
 u - a wand of clouds (1)
 v - a wand of random effects (3)
 y - a wand of paralysis (8)
 D - a wand of flame (21)
 F - a wand of enslavement (10)
Scrolls
 a - a scroll of fog
 j - a scroll of magic mapping
 l - 2 scrolls of enchant weapon
 z - 3 scrolls of remove curse
 C - a scroll of teleportation
 E - 3 scrolls of enchant armour
Potions
 f - 4 potions of brilliance
 g - a potion of might
 h - 2 potions of lignification
 k - 2 potions of haste
 m - 5 potions of curing
 o - a potion of invisibility
 s - a potion of flight
 w - a potion of ambrosia
 x - 4 potions of heal wounds
 G - a potion of degeneration {unknown}
 N - 2 potions of cancellation {unknown}
Books
 J - a manual of Maces & Flails
Comestibles
 c - 16 rations


   Skills:
 + Level 9.0 Fighting
 * Level 10.9 Long Blades
 + Level 7.8 Armour
 - Level 0.8 Dodging
 - Level 4.0 Shields
 + Level 11.0 Invocations


You had 10 spell levels left.
You didn't know any spells.
Your spell library was empty.

Dungeon Overview and Level Annotations

Branches:
Dungeon (11/15)            Temple (0/1) D:6            Lair (1/6) D:11
    Orc (0/2) D:10

Altars:
Ashenzari
Cheibriados
Dithmenos
Elyvilon
Makhleb
Ru
Sif Muna
Trog
Wu Jian
Zin
The Shining One

Shops:
D:5 [!   D:11 *[*

Annotations:
Gauntlet 4 transporters


Innate Abilities, Weirdness & Mutations

You have a pair of horns on your head.
You regenerate health from kills.
When hurt, damage is shared between your health and your magic reserves.
You regenerate magic rapidly.
You have supernaturally acute eyesight. (SInv)
Armour fits poorly on your strangely shaped body.


Message History

The minotaur gores you!
* * * LOW HITPOINT WARNING * * *
You slash the minotaur!
The minotaur looks as sick as possible!
You headbutt the minotaur!
The minotaur is heavily wounded.
The minotaur blocks your attack. x2
The minotaur is heavily wounded.
The minotaur blocks your attack.
The minotaur is heavily wounded.
The minotaur hits you with the cursed +1 broad axe "Uczicw" {protect, +Rage}!!
* * * LOW HITPOINT WARNING * * *
The minotaur gores you!
* * * LOW HITPOINT WARNING * * *
You hit the minotaur but do no damage.
The minotaur looks as sick as possible!
The minotaur is heavily wounded.
You slash the minotaur!
The minotaur looks as sick as possible!
The minotaur blocks your attack.
The minotaur is severely wounded.
The minotaur hits you with the cursed +1 broad axe "Uczicw" {protect, +Rage}!!
You die...

#8∩8# #[.:# #8.8# ####:.:####
###8.#8.8#.8### #....#...#....#
#.#..#8H8#..#.# #.#..##@##..#.#
#......(......# #.#.##.#.##.#.#
#.#....#....#.#
###.#.#######.#.###
#≈...............§#
####8.8.8..©.©..8.8.8#### ###
#8##≈...............≈##8# #8#
################################


You could see a minotaur.

Vanquished Creatures
  Erolcha (D:11)
  2 two-headed ogres
  An orb spider (D:10)
  A gargoyle (D:11)
  A komodo dragon (D:11)
  A troll (D:7)
  2 hornets (Gauntlet)
  Grinder (D:5)
  4 slime creatures
  A wraith (D:11)
  Eustachio (D:6)
  11 yaks
  A basilisk (Lair:1)
  A chaos spawn (Gauntlet)
  Duvessa (D:5)
  A porcupine (Lair:1)
  A black bear (D:9)
  6 orc warriors
  4 sky beasts
  4 ice beasts
  A hornet zombie (D:10)
  3 necrophages
  2 phantoms
  2 ogres
  A crocodile (D:11)
  12 centaurs
  3 big kobolds
  4 bullfrogs
  A gnoll sergeant (D:5)
  Dowan (D:5)
  4 scorpions
  4 wights
  7 howler monkeys
  6 crimson imps
  A quasit (D:7)
  4 hounds
  6 orc priests
  9 jellies
  17 orc wizards
  A centaur skeleton (D:6)
  4 bullfrog skeletons
  An iguana (D:6)
  Natasha (thrice) (D:2)
  7 worker ants
  A hound zombie (D:5)
  A howler monkey skeleton (D:7)
  14 gnolls
  12 adders
  A shadow imp (D:5)
  6 oozes
  An adder zombie (D:5)
  An adder skeleton (D:6)
  2 worms (D:3)
  3 dart slugs
  2 leopard geckos
  63 orcs
  5 bats
  2 giant cockroaches
  10 goblins
  4 hobgoblins
  4 jackals (D:6)
  12 kobolds
  5 quokkas
  3 frilled lizards
  5 rats
307 creatures vanquished.

Vanquished Creatures (others)
  2 demonic plants (Gauntlet)
  A fungus (Gauntlet)
  8 plants
11 creatures vanquished.

Grand Total: 318 creatures vanquished

Notes
Turn   | Place    | Note
-------+----------+-------------------------------------------
     0 | Abyss:1  | D1HalberdGnoll the Demonspawn Abyssal Knight began the
                  | quest for the Orb.
     0 | Abyss:1  | Reached XP level 1. HP: 18/18 MP: 2/2
    51 | Abyss:1  | Found an opulent altar of Gozag.
    55 | Abyss:1  | Noticed a thrashing horror
    56 | D:1      | Escaped the Abyss
   172 | D:1      | Reached * piety under Lugonu
   172 | D:1      | Gained mutation: When hurt, damage is shared between your
                  | health and your magic reserves. [demonic ancestry]
   172 | D:1      | Reached XP level 2. HP: 13/24 MP: 4/4
  1015 | D:2      | Found an ornate altar of the Wu Jian Council.
  1341 | D:2      | Reached skill level 3 in Invocations
  1341 | D:2      | Reached XP level 3. HP: 22/29 MP: 3/5
  1521 | D:2      | Found a glowing golden altar of the Shining One.
  1602 | D:2      | Noticed Natasha
  1615 | D:2      | Killed Natasha
  1615 | D:2      | Reached XP level 4. HP: 34/35 MP: 6/6
  1630 | D:2      | Found a sacrificial altar of Ru.
  1690 | D:2      | Found a snail-covered altar of Cheibriados.
  1916 | D:2      | Noticed Natasha
  1923 | D:2      | Killed Natasha
  2107 | D:2      | Noticed Natasha
  2111 | D:2      | Killed Natasha
  2288 | D:2      | Found a snail-covered altar of Cheibriados.
  2360 | D:2      | Found an ornate altar of the Wu Jian Council.
  2561 | D:2      | Found a sacrificial altar of Ru.
  2881 | D:3      | Reached XP level 5. HP: 40/42 MP: 7/7
  3282 | D:3      | Found a white marble altar of Elyvilon.
  3303 | D:3      | Reached skill level 4 in Invocations
  3791 | D:4      | Noticed an ogre
  3824 | D:4      | Killed an ogre
  3824 | D:4      | Reached XP level 6. HP: 40/48 MP: 7/9
  3894 | D:4      | Reached ** piety under Lugonu
  4615 | D:4      | Found a bloodstained altar of Trog.
  4887 | D:5      | Entered Level 5 of the Dungeon
  4922 | D:5      | Reached skill level 5 in Invocations
  4922 | D:5      | Gained mutation: You have a pair of small horns on your
                  | head. [demonic ancestry]
  4922 | D:5      | Reached XP level 7. HP: 55/55 MP: 10/10
  5137 | D:5      | Reached skill level 5 in Long Blades
  5348 | D:5      | Noticed Grinder
  5379 | D:5      | Killed Grinder
  5379 | D:5      | Reached skill level 5 in Fighting
  5384 | D:5      | Gained mutation: You have a pair of horns on your head.
                  | [demonic ancestry]
  5384 | D:5      | Reached XP level 8. HP: 50/62 MP: 9/12
  5720 | D:5      | Found Halu's Distillery.
  5734 | D:5      | Reached skill level 6 in Invocations
  5776 | D:5      | Noticed Duvessa
  5779 | D:5      | Noticed Dowan
  5793 | D:5      | Killed Duvessa
  5793 | D:5      | Reached skill level 1 in Shields
  5797 | D:5      | Killed Dowan
  5941 | D:5      | Found Xaz Avaff's Antique Armour Shoppe.
  5943 | D:5      | Bought a potion of heal wounds for 55 gold pieces
  5943 | D:5      | Bought a potion of curing for 33 gold pieces
  6002 | D:5      | Found a deep blue altar of Sif Muna.
  6099 | D:5      | Reached *** piety under Lugonu
  6580 | D:5      | Found a glowing silver altar of Zin.
  7094 | D:6      | Noticed Eustachio
  7192 | D:6      | Killed Eustachio
  7192 | D:6      | Reached skill level 7 in Invocations
  7192 | D:6      | Gained mutation: You regenerate magic rapidly. [demonic
                  | ancestry]
  7192 | D:6      | Reached XP level 9. HP: 56/69 MP: 14/14
  7485 | D:6      | Reached skill level 5 in Armour
  7896 | D:6      | Found a staircase to the Ecumenical Temple.
  8016 | D:6      | Found a burning altar of Makhleb.
  8136 | D:6      | Noticed a two-headed ogre
  8153 | D:6      | Killed a two-headed ogre
  8509 | D:6      | Reached skill level 8 in Invocations
  8523 | D:6      | Reached **** piety under Lugonu
  9435 | D:7      | Noticed a troll
  9456 | D:7      | Killed a troll
  9474 | D:7      | Gained mutation: You regenerate a little health from kills.
                  | [demonic ancestry]
  9474 | D:7      | Reached XP level 10. HP: 39/77 MP: 11/16
  9822 | D:7      | Found a shadowy altar of Dithmenos.
 11239 | D:8      | Got a pitted ring mail
 11407 | D:9      | Found a shattered altar of Ashenzari.
 11416 | D:9      | Got a clouded bronze ring
 11496 | D:8      | Identified the cursed ring "Yvitt" {rC+ AC-3} (You found it
                  | on level 9 of the Dungeon)
 11508 | D:8      | Identified the +1 ring mail of Vanity {rN++ Str-4 Int+6}
                  | (You found it on level 8 of the Dungeon)
 11622 | D:8      | Reached skill level 9 in Invocations
 11884 | D:9      | Found a deep blue altar of Sif Muna.
 12142 | D:10     | Entered Level 10 of the Dungeon
 12205 | D:10     | Reached ***** piety under Lugonu
 12509 | D:10     | Noticed a two-headed ogre
 12548 | D:9      | Killed a two-headed ogre
 12611 | D:10     | Noticed Sonja
 13010 | D:10     | Noticed Sonja
 13010 | D:10     | Sonja changed into Sonja the orb spider
 13013 | D:10     | Killed Sonja the orb spider
 13013 | D:10     | Gained mutation: You regenerate health from kills. [demonic
                  | ancestry]
 13013 | D:10     | Reached XP level 11. HP: 83/83 MP: 18/18
 13164 | D:9      | Reached skill level 10 in Invocations
 13389 | D:10     | Found a staircase to the Orcish Mines.
 13540 | D:10     | Reached skill level 10 in Long Blades
 13894 | D:11     | Found Tiulo's General Store.
 13902 | D:11     | Found Xeaki's Antique Armour Shop.
 13905 | D:11     | Bought a runed scarf for 224 gold pieces
 14000 | D:11     | Noticed Erolcha
 14006 | D:11     | Paralysed by Erolcha for 2 turns
 14015 | D:11     | Killed Erolcha
 14261 | D:11     | Found a staircase to the Lair.
 14358 | D:11     | Noticed a seven-headed hydra
 14373 | D:11     | Found Tixiah Zofyu's General Store.
 14408 | D:11     | Banished a seven-headed hydra
 15301 | Lair:1   | Entered Level 1 of the Lair of Beasts
 15558 | Lair:1   | Found a gate leading to a gauntlet.
 15567 | Gauntlet | Entered a Gauntlet
 15567 | Gauntlet | Found a transporter.
 15567 | Gauntlet | Found a transporter.
 15731 | Gauntlet | Found a transporter.
 15731 | Gauntlet | Noticed a death scarab
 15733 | Gauntlet | Found a transporter.
 15734 | Gauntlet | Found a transporter.
 15745 | Gauntlet | Found a transporter.
 15746 | Gauntlet | Found a transporter.
 15752 | Gauntlet | Found a transporter.
 15779 | Gauntlet | Found a transporter.
 15780 | Gauntlet | Found a transporter.
 15780 | Gauntlet | Noticed a wretched star
 15804 | Gauntlet | Noticed a death scarab
 15849 | Gauntlet | Found a transporter.
 15874 | Gauntlet | Found a transporter.
 16055 | Gauntlet | Reached skill level 11 in Invocations
 16325 | Gauntlet | Gained mutation: Armour fits poorly on your strangely
                  | shaped body. [a neqoxec]
 16327 | Gauntlet | Got a steaming steel ring
 16328 | Gauntlet | Gained mutation: You have supernaturally acute eyesight.
                  | (SInv) [a neqoxec]
 16409 | Gauntlet | Identified the ring "Vasahiuwu" {+Inv AC+2} (You found it
                  | in a Gauntlet)
 16459 | Gauntlet | Identified the cursed +1 broad axe "Uczicw" {protect,
                  | +Rage}
 16459 | Gauntlet | Identified the amulet of Cowardice {Regen+ Int+5 Slay+3}
 16459 | Gauntlet | Noticed a minotaur
 16476 | Gauntlet | Slain by a minotaur

Skill      XL: |  1  2  3  4  5  6  7  8  9 10 11 |
---------------+----------------------------------+-----
Long Blades    | 2 3 4 5 6 8 9 10 | 10.9
Armour         | 2 3 4 5 6 7 |  7.8
Invocations    | 3 4 5 7 8 9 11 | 11.0
Fighting       | 4 5 6 8 9 |  9.0
Shields        | 2 3 4 |  4.0
Dodging        | |  0.8

Action                   |  1- 3 |  4- 6 |  7- 9 | 10-12 || total
-------------------------+-------+-------+-------+-------++-------
Melee: Falchion          |    41 |       |       |   302 ||   343
       Dagger            |    34 |   190 |   457 |   492 ||  1173
       Short sword       |     6 |       |       |       ||     6
       Unarmed           |     3 |       |       |       ||     3
       Headbutt          |       |       |    82 |   188 ||   270
Invok: Depart the Abyss  |     1 |       |       |       ||     1
       Banish            |       |       |       |     5 ||     5
Evoke: Wand              |       |     1 |    13 |    13 ||    27
  Use: Potion            |     1 |       |     1 |     6 ||     8
       Scroll            |       |     5 |     7 |    16 ||    28
 Stab: Confused          |     1 |       |     1 |       ||     2
  Eat: Chunk             |     2 |     9 |    13 |    20 ||    44
       Ration            |       |     1 |       |     3 ||     4
Armor: Leather armour    |    26 |     2 |       |       ||    28
       Skin              |     6 |       |     8 |     9 ||    23
       Plate armour      |       |    86 |   327 |   368 ||   781
Dodge: Dodged            |    44 |    42 |   105 |   122 ||   313
Block: Buckler           |       |       |    90 |   153 ||   243
       Rpst.: Falchion   |    10 |       |       |    17 ||    27
